 Dungeon Crawl Stone Soup version 0.29-a0-878-g7b45a56547 (webtiles) character file.

Game seed: 15073800803777291195

215 zeratav the Slasher (level 5, -1/67 HPs)
             Began as a Minotaur Berserker on July 20, 2022.
             Was a Believer of Trog.
             Slain by a gnoll
             ... wielding a +0 spear
             ... led by a gnoll bouda
              (9 damage)
             ... on level 4 of the Dungeon.
             The game lasted 00:03:07 (2801 turns).

zeratav the Slasher (Minotaur Berserker)            Turns: 2801, Time: 00:03:07

Health: -1/67      AC:  2    Str: 21    XL:     5   Next: 60%
Magic:  4/4        EV: 14    Int:  4    God:    Trog [**....]
Gold:   148        SH:  6    Dex: 12    Spells: 4/4 levels left

rFire   . . .      SeeInvis .   m - +0 long sword {long}
rCold   . . .      Faith    .   g - +0 kite shield
rNeg    . . .      Spirit   .   b - +0 animal skin
rPois   .          Reflect  .   (helmet restricted)
rElec   .          Harm     .   (no cloak)
rCorr   .          Rampage  .   (no gloves)
Will    .....                   (no boots)
Stlth   ..........              h - amulet of the acrobat
HPRegen 0.21/turn               i - +4 ring of evasion
MPRegen 0.09/turn               (no ring)

@: berserking, very quick
A: horns 2, retaliatory headbutt
a: Renounce Religion, Berserk, Trog's Hand


You were on level 4 of the Dungeon.
You worshipped Trog.
Trog was pleased with you.
You visited 1 branch of the dungeon, and saw 4 of its levels.

You collected 148 gold pieces.


Innate Abilities, Weirdness & Mutations

You have a pair of horns on your head.
You reflexively headbutt those who attack you in melee.


   Skills:
 - Level 3.6 Fighting
 + Level 7.7 Long Blades
 - Level 2.4 Armour
 - Level 2.1 Dodging


You had 4 spell levels left.
You didn't know any spells.
Your spell library contained the following spells:

 Spells                   Type           Power      Damage    Failure   Level
 Sting                    Tmut/Pois      0%         1d3       91%         1
 Poisonous Vapours        Pois/Air       0%         N/A       97%         2
 Sublimation of Blood     Necr           0%         N/A       97%         2
 Olgreb's Toxic Radiance  Pois           0%         N/A       100%        4
 Petrify                  Tmut/Erth      0%         N/A       100%        4
 Irradiate                Conj/Tmut      0%         3d11      100%        5

Inventory:

Hand Weapons
 a - a +0 falchion {long}
 m - a +0 long sword (weapon) {long}
   (You found it on level 2 of the Dungeon)
Armour
 b - a +0 animal skin (worn)
 g - a +0 kite shield (worn)
   (You found it on level 1 of the Dungeon)
 l - a +0 pair of boots
   (You found it on level 2 of the Dungeon)
 v - a +0 pair of boots
   (You found it on level 3 of the Dungeon)
Jewellery
 d - a ring of ice
   (You found it on level 1 of the Dungeon)
 h - an amulet of the acrobat (around neck)
   (You found it on level 1 of the Dungeon)
 i - a +4 ring of evasion (left hand)
   (You found it on level 1 of the Dungeon)
Scrolls
 c - a scroll of torment {unknown}
 e - 7 scrolls of identify {unknown}
 f - a scroll of acquirement {unknown}
 j - a scroll of teleportation {unknown}
 p - a scroll of blinking {unknown}
 r - a scroll of amnesia {unknown}
 s - a scroll of noise {unknown}
 u - a scroll of poison {unknown}
Potions
 k - a potion of resistance {unknown}
 n - a potion of lignification {unknown}
 o - a potion of cancellation {unknown}
 q - a potion of flight {unknown}
 t - a potion of degeneration {unknown}

Dungeon Overview and Level Annotations

Branches:
Dungeon (4/15) Zot: 21152
 Temple: D:4-7

Altars:
Okawaru
Sif Muna
Vehumet

.....######### .
............#
...####.....<..#
.....).....))).. #
###.####..#.†....#
#.#.. #..#.......#
#.#.#####.#........#
##....)......########
#..g@####..........
.....>g##
#........... .....g.
...#......... .#.....
#####.........
#...##. ..........
.... .. ....!.....
... .g ........... ..
#.


You could see a gnoll bouda, 2 gnolls and a goblin.


Message History

You kill the kobold!
Trog accepts your kill.
No target in view!
No target in view!
No target in view!
No target in view!
No target in view!
No target in view!
No target in view!
No target in view!
No target in view!
A gnoll comes into view. It is wielding a +0 flail.
HP[+1]
Things that are here:
a +0 dagger {short}; a kobold corpse; a hobgoblin corpse A gnoll bouda comes into view.
It is wielding a +0 whip.
The gnoll bouda shouts!
You hit the gnoll but do no damage. You headbutt the gnoll.
You block the gnoll's attack.
A gnoll comes into view. It is wielding a +0 spear.
The gnoll shouts!
You slash the gnoll! You block the gnoll's attack.
The gnoll bouda barks out a call to the hunt!
The gnoll picks up the pace!
You hit the gnoll. The gnoll hits you with a +0 flail.
The gnoll barely misses you.
HP[-5]
You take 5 damage, and now have 36/45 hp.
You hit the gnoll but do no damage. Your headbutt misses the gnoll.
You block the gnoll's attack.
A gnoll comes into view. It is wielding a +0 spear.
You barely miss the gnoll.
The gnoll shouts!
The gnoll completely misses you.
You slash the gnoll!
You kill the gnoll!
Trog accepts your kill. The gnoll closely misses you.
You hit the gnoll bouda but do no damage.
You block the gnoll's attack.
The gnoll hits you from afar with a +0 spear.
The gnoll bouda misses you.
HP[-6]
You take 6 damage, and now have 30/45 hp.
You slash the gnoll bouda! You block the gnoll's attack.
The gnoll hits you from afar with a +0 spear.
The gnoll bouda hits you with a +0 whip.
* * * LOW HITPOINT WARNING * * *
You are too injured to fight recklessly!
HP[-9]
You take 9 damage, and now have 21/45 hp.
You are too injured to fight recklessly!
You are too injured to fight recklessly!
You are too injured to fight recklessly!
You are too injured to fight recklessly!
You are too injured to fight recklessly!
You are too injured to fight recklessly!
You are too injured to fight recklessly!
You are too injured to fight recklessly!
You are too injured to fight recklessly!
You are too injured to fight recklessly!
You are too injured to fight recklessly!
You are too injured to fight recklessly!
You are too injured to fight recklessly!
You are too injured to fight recklessly!
You are too injured to fight recklessly!
You are too injured to fight recklessly!
You are too injured to fight recklessly!
You are too injured to fight recklessly!
You are too injured to fight recklessly!
You are too injured to fight recklessly!
You are too injured to fight recklessly!
You hit the gnoll bouda but do no damage.
The gnoll hits you from afar with a +0 spear.
* * * LOW HITPOINT WARNING * * *
You block the gnoll bouda's attack. The gnoll misses you.
HP[-6]
You take 6 damage, and now have 15/45 hp.
A red film seems to cover your vision as you go berserk!
You feel yourself moving faster!
You feel mighty! The gnoll closely misses you. The gnoll bouda misses you.
The gnoll hits you with a +0 spear.
* * * LOW HITPOINT WARNING * * *
HP[+1]
You now have 67 max hp (+22).
You barely miss the gnoll bouda. The gnoll closely misses you.
A goblin comes into view. It is wielding a +1 dagger of venom.
The gnoll bouda hits you with a +0 whip!
* * * LOW HITPOINT WARNING * * *
You block the gnoll's attack.
HP[-8]
You take 8 damage, and now have 8/67 hp.
You closely miss the gnoll bouda.
The goblin shouts!
The gnoll bouda barks out a call to the hunt!
The gnoll picks up the pace!
You block the gnoll's attack.
You hit the gnoll bouda. You headbutt the gnoll bouda.
You closely miss the gnoll bouda. Your headbutt misses the gnoll bouda.
The gnoll hits you from afar with a +0 spear!
You die...

Skill      XL: |  1  2  3  4 |
---------------+-------------+-----
Long Blades    | 4 5 6 7 |  7.7
Fighting       | |  3.6
Armour         | |  2.4
Dodging        | |  2.1

Action                   |  1- 3 |  4- 6 || total
-------------------------+-------+-------++-------
Melee: Falchion          |    68 |       ||    68
       Headbutt          |    18 |    12 ||    30
       Long sword        |    36 |    52 ||    88
Invok: Berserk           |       |     2 ||     2
 Stab: Sleeping          |     1 |     1 ||     2
Armor: Animal skin       |    12 |     4 ||    16
Dodge: Dodged            |    84 |    31 ||   115
Block: Kite shield       |    31 |    24 ||    55

Levels and vault maps discovered:
D:1:      mainiacjoe_arrival_reflecting_pool, layout_rooms
D:2:      layout_basic, hellmonk_ecumenical_altar_pennies_from_heaven,
          minmay_tripent
D:3:      layout_basic, gammafunk_temple_overflow_claw
D:4:      layout_rooms, tgw_fedhas

Notes
Turn   | Place    | Note
-------+----------+-------------------------------------------
     0 | D:1      | zeratav the Minotaur Berserker began the quest for the Orb.
     0 | D:1      | Reached XP level 1. HP: 19/19 MP: 0/0
     0 | D:1      | magus.rc [v1.9.6]
   113 | D:1      | You pick up a book of Alchemy {forbidden} and begin
                  | reading...
   113 | D:1      | You add the spells Sublimation of Blood, Petrify and
                  | Irradiate to your library.
   220 | D:1      | Reached skill level 4 in Long Blades
   291 | D:1      | Reached XP level 2. HP: 26/26 MP: 1/1
   675 | D:2      | Reached ** piety under Trog
   676 | D:2      | Reached skill level 5 in Long Blades
   707 | D:2      | Reached XP level 3. HP: 31/31 MP: 2/2
   913 | D:2      | Found a faded altar of an unknown god.
  1317 | D:2      | You add the spells Sting, Poisonous Vapours and Olgreb's
                  | Toxic Radiance to your library.
  1808 | D:3      | Reached skill level 6 in Long Blades
  1808 | D:3      | Reached XP level 4. HP: 33/39 MP: 3/3
  2510 | D:3      | Found an iron altar of Okawaru.
  2510 | D:3      | Found a radiant altar of Vehumet.
  2510 | D:3      | Found a shimmering blue altar of Sif Muna.
  2722 | D:4      | Noticed a black bear
  2726 | D:4      | Killed a black bear
  2727 | D:4      | Reached skill level 7 in Long Blades
  2727 | D:4      | Reached XP level 5. HP: 45/45 MP: 4/4
  2797 | D:4      | HP: 16/67 [gnoll/+0 spear[a gnoll bouda] (6)]
  2801 | D:4      | Slain by a gnoll

Vanquished Creatures
  A black bear (D:4)
  A gnoll (D:4)
  4 adders
  2 worms (D:3)
  3 orcs (D:4)
  6 ball pythons
  8 endoplasms
  A giant cockroach (D:1)
  5 goblins
  6 hobgoblins
  9 jackals
  4 quokkas
  4 bats
  6 frilled lizards
  4 kobolds
  3 rats
67 creatures vanquished.

Table legend:
 A = Non-vault XP
 B = Vault XP
 C = Vault XP percentage of total XP
 D = Non-vault monster count
 E = Vault monster count
 F = Vault count percentage of total count
                 A         B        C        D         E       F
            +---------+---------+-------+---------+---------+-------
      Total |     305 |       3 |   1.0 |      65 |       2 |   3.0
            +---------+---------+-------+---------+---------+-------
        D:1 |      33 |       0 |   0.0 |      19 |       0 |   0.0
        D:2 |      27 |       3 |  10.0 |      19 |       2 |   9.5
        D:3 |      73 |       0 |   0.0 |      17 |       0 |   0.0
        D:4 |     172 |       0 |   0.0 |      10 |       0 |   0.0
            +---------+---------+-------+---------+---------+-------

Illustrated notes

Table legend:
 A = Kills in this place as a percentage of kills in entire the game.
 B = Kills by you in this place as a percentage of kills by you in the entire game.
 C = Kills by friends in this place as a percentage of kills by friends in the entire game.
 D = Other kills in this place as a percentage of other kills in the entire game.
 E = Experience gained in this place as a percentage of experience gained in the entire game.
 F = Experience gained in this place divided by the number of levels of this place that you have seen.
                   A       B       C       D       E      F
               +-------+-------+-------+-------+-------+----------------------
         Total | 100.0 | 100.0 |   N/A |   N/A | 100.0 |  77.0
       Dungeon | 100.0 | 100.0 |   N/A |   N/A | 100.0 |  77.0
               +-------+-------+-------+-------+-------+----------------------

Table legend: (Time is in decaauts)
 A = Elapsed time spent in this place.
 B = Non-inter-level travel time spent in this place.
 C = Inter-level travel time spent in this place.
 D = Time resting spent in this place.
 E = Time spent auto-exploring this place.
 F = Levels seen in this place.
 G = Mean time per level.
                   A        B        C        D        E       F      G
               +--------+--------+--------+--------+--------+-----+--------+
         Total |   2846 |   2780 |     66 |     34 |   2328 |   4 |  711.5 |
       Dungeon |   2846 |   2780 |     66 |     34 |   2328 |   4 |  711.5 |
               +--------+--------+--------+--------+--------+-----+--------+

Top non-repeatable levels by time:
     D:3: 1333 daAuts
     D:2: 744 daAuts
     D:1: 678 daAuts
     D:4: 89 daAuts
